 Dungeon Crawl Stone Soup version 0.16-a0-747-geaeaf20 (webtiles) character file.

1519 RobertPalmer the Covert (level 8, 0/42 (46) HPs)
             Began as an Octopode Ice Elementalist on Sept 23, 2014.
             Slain by a scorpion (5 damage)
             ... on Level 5 of the Dungeon.
             The game lasted 00:22:14 (8954 turns).

RobertPalmer the Covert (Octopode Ice Elementalist) Turns: 8954, Time: 00:22:15

HP   0/42 (46)   AC  1     Str  7      XL: 8   Next: 84%
MP  21/22        EV 14     Int 18      God:
Gold 375         SH  0     Dex 14      Spells:  2 memorised,  7 levels left

rFire  . . .     SeeInvis .     a - +2 dagger (drain)
rCold  . . .     Clarity  .     (no shield)
rNeg   . . .     rCorr    .     (helmet restricted)
rPois  .         rRot     .     (no amulet)
rElec  .         Spirit   .     m - ring of magical power
SustAb .         Warding  .     (no ring)
rMut   .         Stasis   .     (no ring)
Gourm  .                        (no ring)
MR     .....                    (no ring)
                                (no ring)
                                (no ring)
                                (no ring)

@: starving, not resistant to hostile enchantments, very stealthy
A: almost no armour, amphibious, 8 rings, constrict 8, camouflage 1, gelatinous
body 1
a: no special abilities


You were on level 5 of the Dungeon.
You were starving.

You visited 1 branch of the dungeon, and saw 7 of its levels.
You also visited: Sewer.

You collected 375 gold pieces.


Innate Abilities, Weirdness & Mutations

You cannot wear most types of armour.
You are amphibious.
You can wear up to eight rings at the same time.
You can use your tentacles to constrict many enemies at once.
Your skin changes colour to match your surroundings (Stealth).
Your rubbery body absorbs attacks (AC +1).


   Skills:
 - Level 6.1 Short Blades
 - Level 4.5 Dodging
 - Level 10.0 Stealth
 - Level 2.0 Spellcasting
   Level 1.0 Conjurations
 + Level 4.5 Ice Magic


You had 7 spell levels left.
You knew the following spells:

 Your Spells              Type           Power        Failure   Level  Hunger
a - Ozocubu's Armour      Chrm/Ice       #.......     24%         3    ####...
z - Freeze                Ice            ###.         2%          1    #......

Inventory:

Hand weapons
 a - a +2 dagger of draining (weapon)
Comestibles
 c - 5 bread rations
 g - 2 meat rations
 t - 2 fruits
Scrolls
 i - a scroll of fear
 k - 5 scrolls of teleportation
 l - 5 scrolls of remove curse
 o - a scroll of noise {!r}
 r - 3 scrolls of recharging
Jewellery
 m - a ring of magical power (left tentacle)
Potions
 e - a potion of heal wounds {unknown}
 f - a potion of poison {unknown}
 h - 3 potions of brilliance {unknown}
 n - 2 potions of magic
 p - 2 potions of might
 u - a potion of resistance {unknown}
 v - a potion of haste {unknown}
Books
 b - a book of Frost
 s - a book of Alchemy

Dungeon Overview and Level Annotations

Branches:
Dungeon (7/15)             Temple (0/1) D:5

Altars:
Fedhas
Makhleb
Ru
Xom
Zin

Annotations:
D:6 Sneal's ghost, experienced NaFi

....# #...........# ....#
#...........# ....# #...........#
....# #...........# ....#
#...........#
....####...........########
##'##..##.....###'#..#.##.##
#..#....'.....#......#.....#
+..'....#.....'.@....'.....#
#######'#.....#s###'#####'#######
.................................
.............Z.............<.....
.............o...................
.................................
......##'##'####'###'#####'##....
'#....#.......#...#.....#...#....
.+....'.....o.'...'.....'...'....


You could see a scorpion, an orc priest and a goblin zombie.


Message History

You feel sick.
Aiming: Freeze
Aim: a scorpion (moderately wounded)
You freeze the scorpion.
The scorpion is severely wounded.
You are starving!
The scorpion barely misses you.
Drink which item? (? for menu, Esc to quit)
You feel better. The scorpion stings you.
* * * LOW HITPOINT WARNING * * *
The orc priest calls down the wrath of Beogh upon you.
Something smites you!
* * * LOW HITPOINT WARNING * * *
There is an open door here.
There is a stone staircase leading up here.
Drink which item? (? for menu, Esc to quit)
You feel better. The scorpion stings you!
* * * LOW HITPOINT WARNING * * *
Drop what? (_ for help) (? for menu, Esc to quit)
Okay, then.
You don't have the energy to cast that spell.
Drink which item? (? for menu, Esc to quit)
Okay, then.
You hit the scorpion but do no damage. You drain the scorpion!
You grab the scorpion.
The scorpion is almost dead.
You constrict the scorpion.
The orc priest glows brightly for a moment.
The scorpion stings you.
You die...

Action                   |  1- 3 |  4- 6 |  7- 9 || total
-------------------------+-------+-------+-------++-------
Melee: Unarmed           |    18 |       |       ||    18
       Dagger            |    54 |   262 |    85 ||   401
 Cast: Freeze            |    19 |    49 |    33 ||   101
       Ozocubu's Armour  |       |     1 |     4 ||     5
  Use: Scroll            |       |    11 |     9 ||    20
       Potion            |       |     2 |     6 ||     8
 Stab: Sleeping          |     7 |    21 |    15 ||    43
       Distracted        |       |     2 |       ||     2
  Eat: Chunk             |     2 |    13 |     6 ||    21
       Pizza             |       |       |     2 ||     2
       Beef jerky        |       |       |     1 ||     1

Vault maps used:
D:1:      elethiomel_arrival_diamonds
D:2:      first_bread
D:3:      portal_sewer_entry_d, uniq_jessica
D:5:      temple_pool_b, uniq_eustachio
D:6:      zin_angel, gammafunk_temple_overflow_claw
D:7:      basic_altar
Sewer:    sewer_co_scattered_pipes

Notes
Turn   | Place    | Note
--------------------------------------------------------------
     0 | D:1      | RobertPalmer, the Octopode Ice Elementalist, began the quest for the Orb.
     0 | D:1      | Reached XP level 1. HP: 11/11 MP: 3/3
   188 | D:1      | Reached XP level 2. HP: 15/17 MP: 4/4
   561 | D:1      | Reached skill level 4 in Ice Magic
   716 | D:1      | Reached XP level 3. HP: 19/21 MP: 6/6
  1022 | D:1      | Learned a level 3 spell: Ozocubu's Armour
  1092 | D:2      | Reached skill level 3 in Stealth
  1345 | D:2      | Reached skill level 4 in Stealth
  1392 | D:2      | Reached XP level 4. HP: 23/27 MP: 7/7
  1761 | D:3      | Reached skill level 5 in Stealth
  2034 | D:3      | Noticed Jessica
  2042 | D:3      | Killed Jessica
  2042 | D:3      | Reached XP level 5. HP: 31/31 MP: 9/9
  2055 | D:3      | Found a glowing drain.
  2061 | D:3      | Reached skill level 6 in Stealth
  2066 | Sewer    | Entered a sewer
  3326 | D:3      | Noticed a sky beast
  3334 | D:3      | Killed a sky beast
  3334 | D:3      | Reached skill level 7 in Stealth
  3334 | D:3      | Reached XP level 6. HP: 25/36 MP: 10/10
  3587 | D:3      | Reached skill level 8 in Stealth
  4771 | D:5      | Entered Level 5 of the Dungeon
  5216 | D:4      | Reached skill level 9 in Stealth
  5328 | D:4      | HP: 3/36 [orc priest/dagger (1)]
  5330 | D:4      | Reached XP level 7. HP: 3/41 MP: 12/12
  5768 | D:5      | Found a staircase to the Ecumenical Temple.
  5852 | D:5      | Reached skill level 10 in Stealth
  5935 | D:5      | Noticed Eustachio
  5957 | D:5      | Killed Eustachio
  5957 | D:5      | Reached skill level 3 in Dodging
  5972 | D:5      | HP: 3/41 [centaur zombie (6)]
  6256 | D:5      | Reached skill level 4 in Dodging
  6534 | D:5      | Reached skill level 1 in Short Blades
  6534 | D:5      | Reached XP level 8. HP: 14/46 MP: 13/13
  6744 | D:5      | Reached skill level 2 in Short Blades
  6975 | D:5      | Reached skill level 3 in Short Blades
  7212 | D:6      | Noticed an angel
  7213 | D:6      | Found a glowing silver altar of Zin.
  7334 | D:6      | Reached skill level 4 in Short Blades
  7409 | D:6      | Noticed Sneal's ghost (experienced NaFi)
  7496 | D:6      | Reached skill level 5 in Short Blades
  7588 | D:6      | Found a burning altar of Makhleb.
  7588 | D:6      | Found a blossoming altar of Fedhas.
  7589 | D:6      | Found a sacrificial altar of Ru.
  7884 | D:7      | Found a shimmering altar of Xom.
  8116 | D:7      | Reached skill level 6 in Short Blades
  8226 | D:6      | HP: 4/42 [goliath beetle (21)]
  8949 | D:5      | HP: 2/42 [orc priest/divine providence (16)]
  8954 | D:5      | Slain by a scorpion

Vanquished Creatures
  Eustachio (D:5)
  2 ogres
  3 sky beasts
  A necrophage (D:5)
  A giant frog (D:6)
  2 scorpions
  A jelly (D:6)
  A goliath beetle (D:7)
  2 crimson imps
  A centaur zombie (D:5)
  An orc priest (D:4)
  2 hounds
  2 orc wizards (D:4)
  4 worker ants
  Jessica (D:3)
  9 adders
  A giant mite (D:3)
  A worm (D:2)
  An orc zombie (D:5)
  3 giant geckos
  4 oozes
  34 orcs
  6 ball pythons
  13 bats
  12 goblins
  7 hobgoblins
  9 jackals
  5 quokkas
  5 giant cockroaches
  13 giant newts
  A hobgoblin zombie (D:5)
  13 kobolds
  18 rats
  A rat skeleton (D:4)
  4 plants (Sewer)
185 creatures vanquished.
